TOP OF THE 1ST |
Baltimore (APP) Orioles batting - Pitching for Greeneville Astros : LHP Manny Muniz
|
Pitching: LHP Manny Muniz
|
|
Batting: LHB Chris Cohen
|
0-0: Hit by Pitch
|
Batting: RHB Minoru Matsumoto
|
0-0: Called Strike 0-1: Ball Wild Pitch! Chris Cohen to second 1-1: Fly out, F4 (Line Drive, 4M, EV 73.8 MPH)
|
Batting: LHB Edwin Cabral
|
0-0: Fly out, F7 (Flyball, 7, EV 81.2 MPH)
|
Batting: RHB Jonathan Mendoza
|
0-0: SINGLE (Line Drive, 4D, EV 103.1 MPH) Chris Cohen to third Runner from 3rd tries for Home, throw by CF and OUT! 8-2
|
Top of the 1st over - 0 runs, 1 hit, 0 errors, 1 left on base; Baltimore (APP) 0 - Greeneville 0 |
BOTTOM OF THE 1ST |
Greeneville Astros batting - Pitching for Baltimore (APP) Orioles : RHP Olaf Barker
|
Pitching: RHP Olaf Barker
|
|
Batting: RHB Ryan Holzwart
|
0-0: Fly out, F8 (Flyball, 8RD, EV 76.9 MPH)
|
Batting: RHB Omar Amaya
|
0-0: Called Strike 0-1: Called Strike 0-2: Ball 1-2: Strikes out swinging
|
Batting: RHB Drew Coleman
|
0-0: Ball 1-0: Ball 2-0: Fly out, F7 (Flyball, 7LM, EV 83.1 MPH)
|
Bottom of the 1st over - 0 runs, 0 hits, 0 errors, 0 left on base; Baltimore (APP) 0 - Greeneville 0 |
TOP OF THE 2ND |
Baltimore (APP) Orioles batting - Pitching for Greeneville Astros : LHP Manny Muniz
|
Batting: RHB Alfredo Reguera
|
0-0: Swinging Strike 0-1: Swinging Strike 0-2: Ball 1-2: Fly out, F7 (Flyball, 7D, EV 98.8 MPH)
|
Batting: LHB Pat Fontana
|
0-0: Foul Ball, location: 2F 0-1: Foul Ball, location: 2F 0-2: Ball 1-2: Ball 2-2: SINGLE (Line Drive, 8LS, EV 110.0 MPH)
|
Batting: RHB Juan Eyrich
|
0-0: Ball 1-0: Called Strike 1-1: Ball Wild Pitch! Pat Fontana to second 2-1: Swinging Strike 2-2: Strikes out swinging
|
Batting: RHB Carlos Teniente
|
0-0: Ball 1-0: Ball 2-0: Called Strike 2-1: Ball 3-1: Ground out 6-3 (Groundball, 6, EV 100.0 MPH)
|
Top of the 2nd over - 0 runs, 1 hit, 0 errors, 1 left on base; Baltimore (APP) 0 - Greeneville 0 |
BOTTOM OF THE 2ND |
Greeneville Astros batting - Pitching for Baltimore (APP) Orioles : RHP Olaf Barker
|
Batting: RHB Matt Fritz
|
0-0: Fly out, F6 (Line Drive, 6M, EV 70.0 MPH)
|
Batting: RHB Gabe Allen
|
0-0: Ball 1-0: Swinging Strike 1-1: Swinging Strike 1-2: Foul Ball, location: 2F 1-2: Ball 2-2: Ball 3-2: Base on Balls
|
Batting: LHB Ryan Fridley
|
0-0: Called Strike 0-1: Swinging Strike 0-2: Strikes out swinging
|
Batting: LHB Guadalupe Gonzalez
|
0-0: Ball Gabe Allen is caught stealing 2nd base 2-6
|
Bottom of the 2nd over - 0 runs, 0 hits, 0 errors, 0 left on base; Baltimore (APP) 0 - Greeneville 0 |
TOP OF THE 3RD |
Baltimore (APP) Orioles batting - Pitching for Greeneville Astros : LHP Manny Muniz
|
Batting: RHB Tony Fernandez
|
0-0: Foul Ball, location: 2F 0-1: Swinging Strike 0-2: Ball 1-2: Ball 2-2: Foul Ball, location: 2F 2-2: Ball 3-2: Strikes out swinging
|
Batting: LHB Chris Cohen
|
0-0: Called Strike 0-1: Ball 1-1: Ball 2-1: Called Strike 2-2: Ball 3-2: Base on Balls
|
Batting: RHB Minoru Matsumoto
|
0-0: Ball 1-0: Ball 2-0: Called Strike 2-1: Swinging Strike 2-2: Ball 3-2: Strikes out swinging
|
Batting: LHB Edwin Cabral
|
0-0: Foul Ball, location: 2F 0-1: Foul Ball, location: 2F 0-2: Ball 1-2: Ground out 6-3 (Groundball, 6M, EV 85.6 MPH)
|
Top of the 3rd over - 0 runs, 0 hits, 0 errors, 1 left on base; Baltimore (APP) 0 - Greeneville 0 |
BOTTOM OF THE 3RD |
Greeneville Astros batting - Pitching for Baltimore (APP) Orioles : RHP Olaf Barker
|
Batting: LHB Guadalupe Gonzalez
|
0-0: Ball 1-0: Called Strike 1-1: Foul Ball, location: 2F 1-2: Strikes out swinging
|
Batting: RHB Fernando Acosta
|
0-0: Called Strike 0-1: Foul Ball, location: 2F 0-2: Ground out 3-1 (Groundball, 34S, EV 87.5 MPH)
|
Batting: RHB Nick Hernandes
|
0-0: Called Strike 0-1: Ball 1-1: Ball 2-1: Ball 3-1: Swinging Strike 3-2: Strikes out swinging
|
Bottom of the 3rd over - 0 runs, 0 hits, 0 errors, 0 left on base; Baltimore (APP) 0 - Greeneville 0 |
TOP OF THE 4TH |
Baltimore (APP) Orioles batting - Pitching for Greeneville Astros : LHP Manny Muniz
|
Batting: RHB Jonathan Mendoza
|
0-0: Ball 1-0: Foul Ball, location: 2F 1-1: Swinging Strike 1-2: Ball 2-2: Ball 3-2: Foul Ball, location: 2F 3-2: Ground out 6-3 (Groundball, 6, EV 86.2 MPH)
|
Batting: RHB Alfredo Reguera
|
0-0: Ball 1-0: Ball 2-0: Swinging Strike 2-1: Ball 3-1: Base on Balls
|
Batting: LHB Pat Fontana
|
0-0: Called Strike 0-1: Swinging Strike 0-2: Ball 1-2: Ball 2-2: Ball 3-2: Base on Balls Alfredo Reguera to second
|
Batting: RHB Juan Eyrich
|
0-0: Ball 1-0: Fly out, F8 (Flyball, 8RM, EV 87.5 MPH)
|
Batting: RHB Carlos Teniente
|
0-0: Ball 1-0: Foul Ball, location: 2F 1-1: Fly out, F8 (Flyball, 8RD, EV 86.2 MPH)
|
Top of the 4th over - 0 runs, 0 hits, 0 errors, 2 left on base; Baltimore (APP) 0 - Greeneville 0 |
BOTTOM OF THE 4TH |
Greeneville Astros batting - Pitching for Baltimore (APP) Orioles : RHP Olaf Barker
|
Batting: RHB Ryan Holzwart
|
0-0: Ground out 4-3 (Groundball, 4, EV 77.5 MPH)
|
Batting: RHB Omar Amaya
|
0-0: Called Strike 0-1: SINGLE (Groundball, 4D, EV 104.4 MPH)
|
Batting: RHB Drew Coleman
|
0-0: Ball 1-0: Ball 2-0: Swinging Strike 2-1: Called Strike 2-2: Strikes out swinging
|
Batting: RHB Matt Fritz
|
0-0: Called Strike Omar Amaya steals 2nd base 0-1: Ball 1-1: Ball 2-1: Foul Ball, location: 2F 2-2: Ground out 6-3 (Groundball, 6MD, EV 85.0 MPH)
|
Bottom of the 4th over - 0 runs, 1 hit, 0 errors, 1 left on base; Baltimore (APP) 0 - Greeneville 0 |
TOP OF THE 5TH |
Baltimore (APP) Orioles batting - Pitching for Greeneville Astros : LHP Manny Muniz
|
Batting: RHB Tony Fernandez
|
0-0: Foul Ball, location: 2F 0-1: Swinging Strike 0-2: Foul Ball, location: 2F 0-2: Ball 1-2: Ball 2-2: Ground out 6-3 (Groundball, 6S, EV 87.5 MPH)
|
Pitching: RHP Russ Greer
|
|
Batting: LHB Chris Cohen
|
0-0: Called Strike 0-1: Ball 1-1: Ball 2-1: Ball 3-1: Called Strike 3-2: Strikes out swinging
|
Batting: RHB Minoru Matsumoto
|
0-0: Ball 1-0: Ball 2-0: Called Strike 2-1: Swinging Strike 2-2: Ground out 3-1 (Groundball, 34, EV 75.6 MPH)
|
Top of the 5th over - 0 runs, 0 hits, 0 errors, 0 left on base; Baltimore (APP) 0 - Greeneville 0 |
BOTTOM OF THE 5TH |
Greeneville Astros batting - Pitching for Baltimore (APP) Orioles : RHP Olaf Barker
|
Batting: RHB Gabe Allen
|
0-0: Called Strike 0-1: Swinging Strike 0-2: DOUBLE (Groundball, 5L, EV 105.0 MPH)
|
Batting: LHB Ryan Fridley
|
0-0: Ball 1-0: Ball 2-0: Foul Ball, location: 2F 2-1: Ball 3-1: Foul Ball, location: 2F 3-2: Strikes out swinging
|
Batting: LHB Guadalupe Gonzalez
|
0-0: Called Strike 0-1: Ball 1-1: Ball 2-1: Called Strike 2-2: Strikes out looking
|
Batting: RHB Fernando Acosta
|
0-0: Ball 1-0: Ball 2-0: Called Strike 2-1: Called Strike 2-2: Ball 3-2: Base on Balls
|
Batting: RHB Nick Hernandes
|
0-0: Fly out, F7 (Line Drive, 7LM, EV 98.1 MPH)
|
Bottom of the 5th over - 0 runs, 1 hit, 0 errors, 2 left on base; Baltimore (APP) 0 - Greeneville 0 |
TOP OF THE 6TH |
Baltimore (APP) Orioles batting - Pitching for Greeneville Astros : RHP Russ Greer
|
Pinch Hitting: RHB Kevin Popowicz
|
0-0: Ball 1-0: Swinging Strike 1-1: Swinging Strike 1-2: Strikes out swinging
|
Batting: RHB Jonathan Mendoza
|
0-0: Called Strike 0-1: Ball 1-1: Called Strike 1-2: Ground out 6-3 (Groundball, 6, EV 78.1 MPH)
|
Batting: RHB Alfredo Reguera
|
0-0: Foul Ball, location: 2F 0-1: Foul Ball, location: 2F 0-2: Ball 1-2: Foul Ball, location: 2F 1-2: Strikes out swinging
|
Top of the 6th over - 0 runs, 0 hits, 0 errors, 0 left on base; Baltimore (APP) 0 - Greeneville 0 |
BOTTOM OF THE 6TH |
Greeneville Astros batting - Pitching for Baltimore (APP) Orioles : RHP Olaf Barker
|
Now at 2B: Carlos Teniente
|
|
Now at SS: Kevin Popowicz
|
|
Batting: RHB Ryan Holzwart
|
0-0: Ball 1-0: Ball 2-0: Swinging Strike 2-1: Foul Ball, location: 2F 2-2: SINGLE (Groundball, 4MD, EV 106.2 MPH)
|
Batting: RHB Omar Amaya
|
0-0: Called Strike 0-1: Swinging Strike 0-2: Ball 1-2: Foul Ball, location: 2F 1-2: Ball 2-2: Ball 3-2: Fly out, F9 (Flyball, 9S, EV 84.4 MPH)
|
Batting: RHB Drew Coleman
|
0-0: Called Strike 0-1: Grounds into double play, 6-4-3 (Groundball, 6, EV 108.1 MPH)
|
Bottom of the 6th over - 0 runs, 1 hit, 0 errors, 0 left on base; Baltimore (APP) 0 - Greeneville 0 |
TOP OF THE 7TH |
Baltimore (APP) Orioles batting - Pitching for Greeneville Astros : RHP Russ Greer
|
Pitching: LHP Jason Mitchell
|
|
Batting: LHB Pat Fontana
|
0-0: Hit by Pitch
|
Batting: RHB Juan Eyrich
|
0-0: Sac Bunt to 2L - play at first, batter safe! Pat Fontana to second
|
Batting: RHB Carlos Teniente
|
0-0: Ball 1-0: Ball 2-0: Called Strike 2-1: Foul Ball, location: 2F 2-2: Foul Ball, location: 2F 2-2: Strikes out looking
|
Batting: RHB Tony Fernandez
|
0-0: Ball 1-0: Ball 2-0: Called Strike 2-1: Called Strike 2-2: Ball 3-2: Strikes out swinging
|
Pinch Hitting: LHB Sam Williams
|
0-0: Ball 1-0: Swinging Strike 1-1: Ball 2-1: Foul Ball, location: 2F 2-2: Strikes out looking
|
Top of the 7th over - 0 runs, 1 hit, 0 errors, 2 left on base; Baltimore (APP) 0 - Greeneville 0 |
BOTTOM OF THE 7TH |
Greeneville Astros batting - Pitching for Baltimore (APP) Orioles : RHP Olaf Barker
|
Now at 3B: Maup Gommers
|
|
Batting: RHB Matt Fritz
|
0-0: Ball 1-0: Ball 2-0: Ball 3-0: Base on Balls
|
Batting: RHB Gabe Allen
|
0-0: Ball 1-0: Ball 2-0: Called Strike 2-1: Foul Ball, location: 2F 2-2: Strikes out swinging
|
Batting: LHB Ryan Fridley
|
0-0: Ball 1-0: SINGLE (Groundball, 56, EV 106.9 MPH) Matt Fritz to second
|
Pinch Runner at 2nd Gong Tow:
|
|
Batting: LHB Guadalupe Gonzalez
|
0-0: Ball Gong Tow steals 3rd base 1-0: Foul Ball, location: 2F 1-1: Grounds into double play, 6-4-3 (Groundball, 6, EV 82.5 MPH)
|
Bottom of the 7th over - 0 runs, 1 hit, 0 errors, 1 left on base; Baltimore (APP) 0 - Greeneville 0 |
TOP OF THE 8TH |
Baltimore (APP) Orioles batting - Pitching for Greeneville Astros : LHP Jason Mitchell
|
Pitching: RHP Ernie Bell
|
|
Now at 1B: Leo Lopez
|
|
Batting: RHB Minoru Matsumoto
|
0-0: Ground out 6-3 (Groundball, 6, EV 88.8 MPH)
|
Batting: RHB Kevin Popowicz
|
0-0: Ball 1-0: Foul Ball, location: 2F 1-1: Ball 2-1: Swinging Strike 2-2: Strikes out swinging
|
Batting: RHB Jonathan Mendoza
|
0-0: Ground out 6-3 (Groundball, 56, EV 76.9 MPH)
|
Top of the 8th over - 0 runs, 0 hits, 0 errors, 0 left on base; Baltimore (APP) 0 - Greeneville 0 |
BOTTOM OF THE 8TH |
Greeneville Astros batting - Pitching for Baltimore (APP) Orioles : RHP Olaf Barker
|
Pinch Hitting: RHB Yoshitoshi Mori
|
0-0: Foul Ball, location: 2F 0-1: SOLO HOME RUN (Flyball, 7D, EV 99.4 MPH), Distance : 396 ft
|
Pitching: RHP Dave Patenaude
|
|
Batting: RHB Nick Hernandes
|
0-0: Called Strike 0-1: Swinging Strike 0-2: Strikes out looking
|
Batting: RHB Ryan Holzwart
|
0-0: SINGLE (Groundball, 56, EV 105.6 MPH)
|
Batting: RHB Omar Amaya
|
0-0: Ball 1-0: DOUBLE (Flyball, 89XD, EV 110.0 MPH) Ryan Holzwart to third Runner from 3rd tries for Home, SAFE, throw by CF to home
|
Batting: RHB Drew Coleman
|
0-0: Intentional Walk
|
Batting: RHB Leo Lopez
|
0-0: Called Strike Omar Amaya steals 3rd base 0-1: Ball 1-1: Called Strike 1-2: Foul Ball, location: 2F 1-2: SINGLE (Line Drive, 4MD, EV 96.2 MPH) Omar Amaya scores Drew Coleman to second
|
Batting: RHB Gabe Allen
|
0-0: Foul Ball, location: 2F 0-1: DOUBLE (Line Drive, 89XD, EV 101.2 MPH) Drew Coleman scores Leo Lopez to third
|
Pitching: RHP Justin Swanson
|
|
Batting: LHB Ryan Fridley
|
0-0: Ball 1-0: Ball 2-0: Called Strike 2-1: Foul Ball, location: 2F 2-2: Ball 3-2: Strikes out swinging
|
Batting: LHB Guadalupe Gonzalez
|
0-0: Fly out, F9 (Flyball, 9, EV 91.9 MPH)
|
Bottom of the 8th over - 4 runs, 5 hits, 0 errors, 2 left on base; Baltimore (APP) 0 - Greeneville 4 |
TOP OF THE 9TH |
Baltimore (APP) Orioles batting - Pitching for Greeneville Astros : RHP Ernie Bell
|
Now at 2B: Hugo Priego
|
|
Batting: RHB Alfredo Reguera
|
0-0: Ground out U3 (Groundball, 34S, EV 70.0 MPH)
|
Batting: LHB Pat Fontana
|
0-0: Ball 1-0: Ground out 4-3 (Groundball, 34, EV 101.2 MPH)
|
Batting: RHB Juan Eyrich
|
0-0: Called Strike 0-1: Swinging Strike 0-2: Fly out, F8 (Flyball, 8LM, EV 93.8 MPH)
|
Top of the 9th over - 0 runs, 0 hits, 0 errors, 0 left on base; Baltimore (APP) 0 - Greeneville 4 |
|